 Dungeon Crawl Stone Soup version 0.22.0-21-g8bd1b0a76a (webtiles) character file.

63 BrotherBolt the Skirmisher (level 3, -1/29 HPs)
             Began as a Demonspawn Abyssal Knight on Aug 20, 2018.
             Was a Believer of Lugonu.
             Slain by a ball python (2 damage)
             ... on level 3 of the Dungeon.
             The game lasted 00:10:56 (2077 turns).

BrotherBolt the Skirmisher (DsAK)                   Turns: 2077, Time: 00:10:57

Health: -1/29      AC:  5    Str: 10 (13) XL:     3   Next: 89%
Magic:  5/5        EV: 12    Int: 18      God:    Lugonu [**....]
Gold:   90         SH:  7    Dex: 16 (17) Spells: 2/2 levels left

rFire    . . .     SeeInvis .   a - +2 hand axe
rCold    . . .     Gourm    .   g - +0 shield
rNeg     . . .     Faith    .   f - +0 ring mail
rPois    .         Spirit   .   (helmet restricted)
rElec    .         Reflect  .   (no cloak)
rCorr    .         Harm     .   (no gloves)
MR       .....                  (no boots)
Stlth    +++.......             (no amulet)
HPRegen  0.09/turn              (no ring)
MPRegen  0.09/turn              (no ring)

@: brilliant, agile, lethally poisoned (-1 -> -2)
A: horns 1, nightstalker 1
a: Depart the Abyss, Bend Space, Renounce Religion


You were on level 3 of the Dungeon.
You worshipped Lugonu.
Lugonu was pleased with you.
You were not hungry.

You visited 1 branch of the dungeon, and saw 3 of its levels.
You visited the Abyss 1 time.

You collected 90 gold pieces.

Inventory:

Hand Weapons
 a - a +2 hand axe (weapon)
Armour
 b - a +0 leather armour
 f - a +0 ring mail (worn)
 g - a +0 shield (worn)
Scrolls
 d - 2 scrolls of enchant weapon
 e - a scroll of amnesia {unknown}
 h - a scroll of fog {unknown}
 j - 2 scrolls of random uselessness {unknown}
Potions
 k - a potion of brilliance
Comestibles
 c - 5 rations


   Skills:
 + Level 3.4 Fighting
 + Level 2.5 Axes
 + Level 2.5 Armour
 + Level 1.2 Dodging
 + Level 0.1 Stealth
 + Level 0.2 Shields
 + Level 2.8 Invocations


You had 2 spell levels left.
You didn't know any spells.
Your spell library was empty.

Dungeon Overview and Level Annotations

Branches:
Dungeon (3/15)

Altars:
Hepliaklqana


Innate Abilities, Weirdness & Mutations

You have a pair of small horns on your head.
You are slightly more attuned to the shadows.


Message History

It was a potion of brilliance.
You feel clever all of a sudden.
* * * LOW HITPOINT WARNING * * *
You feel sick.
The giant cockroach bites you but does no damage.
The goblin closely misses you.
Unknown command.
It was a potion of agility.
You feel agile all of a sudden. You block the giant cockroach's attack.
The goblin misses you. The giant cockroach barely misses you.
Okay, then.
As you read the scroll labeled OVVEKK GUIPOTH, it crumbles to dust.
It is a scroll of enchant weapon.
Your +1 hand axe glows red for a moment.
The ball python bites you but does no damage.
The ball python misses you. The goblin misses you.
The giant cockroach bites you but does no damage.
The ball python bites you.
You die...

...>..#..
.........
#........
#........
#........
#Ssg.....
###.@......
##.###.....##...
......<##.##
##.#####..# ....
.##### #. .


You could see a giant cockroach, a goblin and a ball python.

Vanquished Creatures
  3 adders
  2 worms (D:2)
  A giant cockroach (D:1)
  3 goblins
  A hobgoblin (D:1)
  3 jackals (D:1)
  3 kobolds (D:1)
  2 quokkas
  4 bats
  5 frilled lizards
  4 rats
31 creatures vanquished.

Notes
Turn   | Place    | Note
-------+----------+-------------------------------------------
     0 | Abyss:1  | BrotherBolt the Demonspawn Abyssal Knight began the quest for the Orb.
     0 | Abyss:1  | Reached XP level 1. HP: 18/18 MP: 2/2
    28 | D:1      | Escaped the Abyss
   369 | D:1      | Gained mutation: You are slightly more attuned to the shadows. [demonic ancestry]
   369 | D:1      | Reached XP level 2. HP: 24/24 MP: 4/4
   622 | D:1      | Reached ** piety under Lugonu
  1048 | D:2      | Reached skill level 1 in Dodging
  1106 | D:2      | Gained mutation: You have a pair of small horns on your head. [demonic ancestry]
  1106 | D:2      | Reached XP level 3. HP: 9/29 MP: 5/5
  1123 | D:2      | Found a hazy altar of Hepliaklqana.
  2075 | D:3      | HP: 1/29 [poisoned by an adder]
  2077 | D:3      | Slain by a ball python

Skill      XL: |  1  2 |
---------------+-------+-----
Axes           | 2 |  2.5
Armour         | 2 |  2.5
Dodging        | 1 |  1.2
Fighting       | |  3.4
Stealth        | |  0.1
Shields        | |  0.2
Invocations    | |  2.8

Action                   || total
-------------------------++-------
Melee: Hand axe          ||   140
       Headbutt          ||     7
  Use: Potion            ||     5
       Scroll            ||     1
 Stab: Sleeping          ||     2
  Eat: Ration            ||     1
Armor: Leather armour    ||    14
       Ring mail         ||    70
Dodge: Dodged            ||    75
Block: Shield            ||    44
